 Dungeon Crawl Stone Soup version 0.26.1-12-g5ba1501909 (webtiles) character file.

Game seed: 6981641775430462461

379 Zeld the Sneak (level 6, -8/43 HPs)
             Began as an Octopode Brigand on Oct 29, 2021.
             Mangled by Menkaure (25 damage)
             ... on level 4 of the Dungeon.
             The game lasted 00:06:12 (5929 turns).

Zeld the Sneak (Octopode Brigand)                   Turns: 5929, Time: 00:06:12

Health: -8/43      AC:  1    Str: 11    XL:     6   Next: 74%
Magic:  6/6        EV: 14    Int: 13    God:
Gold:   163        SH:  5    Dex: 15    Spells: 5/5 levels left

rFire    . . .     SeeInvis .   a - +2 dagger
rCold    . . .     Faith    .   (no shield)
rNeg     . . .     Spirit   .   (helmet restricted)
rPois    .         Reflect  +   g - amulet of reflection
rElec    .         Harm     .   (no ring)
rCorr    .         Rampage  .   (no ring)
Will     .....                  (no ring)
Stlth    ++++......             (no ring)
HPRegen  0.14/turn              (no ring)
MPRegen  0.10/turn              (no ring)
                                (no ring)
                                (no ring)

@: no status effects
A: almost no armour, stealthy swim, amphibious, 8 rings, constrict 8, camouflage
1, gelatinous body 1
a: no special abilities


You were on level 4 of the Dungeon.
You visited 1 branch of the dungeon, and saw 4 of its levels.

You collected 163 gold pieces.

Inventory:

Hand Weapons
 a - a +2 dagger (weapon)
Missiles
 b - 33 poisoned darts (quivered)
Jewellery
 g - an amulet of reflection (around mantle)
 i - an uncursed ring of willpower {unknown}
 q - an uncursed ring of poison resistance {unknown}
 t - an uncursed amulet of magic regeneration {unknown}
 v - a cursed amulet of inaccuracy {unknown}
Wands
 u - a wand of flame (11)
Scrolls
 d - 9 scrolls of identify {unknown}
 e - 5 scrolls of remove curse {unknown}
 h - 3 scrolls of teleportation {unknown}
 j - 2 scrolls of magic mapping {unknown}
 l - a scroll of immolation {unknown}
 s - a scroll of enchant weapon {unknown}
 x - a scroll of noise {unknown}
Potions
 f - a potion of brilliance {unknown}
 k - a potion of curing {unknown}
 m - 4 potions of mutation {unknown}
 n - 2 potions of lignification {unknown}
 o - 3 potions of degeneration {unknown}
 p - a potion of might {unknown}
 r - a potion of heal wounds {unknown}
 w - a potion of attraction {unknown}


   Skills:
 * Level 3.7 Fighting
 * Level 3.8 Short Blades
 * Level 3.8 Throwing
 + Level 2.5 Dodging
 + Level 6.1 Stealth


You had 5 spell levels left.
You didn't know any spells.
Your spell library contained the following spells:

 Spells                   Type           Power        Failure   Level
 Animate Skeleton         Necr           0%           30%         1
 Apportation              Tloc           0%           30%         1
 Corona                   Hex            0%           30%         1
 Summon Small Mammal      Summ           0%           30%         1


Dungeon Overview and Level Annotations

Branches:
Dungeon (4/15)
 Temple: D:4-7

Altars:
Ashenzari
Cheibriados
Hepliaklqana
Makhleb
Nemelex Xobeh
Uskayaw
Yredelemnul

Annotations:
D:4 Menkaure


Innate Abilities, Weirdness & Mutations

You cannot wear most types of armour.
You are very stealthy in the water. (Stealth+)
You are amphibious.
You can wear up to eight rings at the same time.
You can use your tentacles to constrict eight enemies at once.
Your skin changes colour to match your surroundings (Stealth+).
Your rubbery body absorbs attacks. (AC +1, EV +1)


Message History

You hit Menkaure. You grab Menkaure. You squeeze Menkaure, but do no damage.
Menkaure is moderately damaged.
You constrict Menkaure, but do no damage.
You block Menkaure's attack.
You hit Menkaure but do no damage.
Menkaure is moderately damaged.
You constrict Menkaure. You hit Menkaure.
Menkaure is moderately damaged.
You constrict Menkaure, but do no damage.
Menkaure hits you!
You are too injured to fight recklessly!
You are too injured to fight recklessly!
You are too injured to fight recklessly!
You are too injured to fight recklessly!
You hit Menkaure.
Menkaure is heavily damaged.
You constrict Menkaure. Menkaure hits you!!
Ouch! That really hurt!
You die...

##......#.#....##.##..#
######..#.#.#..##.##..# #
#..#.#....##.....#
######..#.#...........#
.................####.#
........#(#..#.#(# .#
#########.#..#.#.# .# ....#
#.....(M.# .#
....#######..###@####.###
........###..# #.<.......
..[..........# #.......##
........###..# #.#######
........# #..###.#
########## ####....#
#.<....###........#
###....###...##........#####
##...................#..#
.#.#########.<######.#..#


You could see Menkaure.

Vanquished Creatures
  Blork the orc (D:4)
  A howler monkey (D:4)
  An orc priest (D:3)
  An orc wizard (D:2)
  A worker ant (D:4)
  Robin (D:4)
  8 adders
  An adder skeleton (D:4)
  5 worms
  A dart slug (D:3)
  A leopard gecko (D:1)
  9 orcs (D:3)
  6 giant cockroaches
  15 goblins
  7 hobgoblins
  2 quokkas (D:2)
  2 ball pythons
  4 bats
  6 frilled lizards
  8 kobolds
  6 rats
87 creatures vanquished.

Vanquished Creatures (others)
  A frilled lizard (D:3)
1 creature vanquished.

Grand Total: 88 creatures vanquished

Notes
Turn   | Place    | Note
-------+----------+-------------------------------------------
     0 | D:1      | Zeld the Octopode Brigand began the quest for the Orb.
     0 | D:1      | Reached XP level 1. HP: 14/14 MP: 1/1
   345 | D:1      | Reached XP level 2. HP: 15/19 MP: 2/2
   887 | D:2      | Reached XP level 3. HP: 20/25 MP: 3/3
  1061 | D:2      | Found a basalt altar of Yredelemnul.
  1437 | D:2      | Reached XP level 4. HP: 27/30 MP: 4/4
  1650 | D:2      | Found a snail-covered altar of Cheibriados.
  1651 | D:2      | Found a sparkling altar of Nemelex Xobeh.
  1810 | D:2      | Found a broken altar of Ashenzari.
  1813 | D:2      | Found a burning altar of Makhleb.
  1814 | D:2      | Found a hide-covered altar of Uskayaw.
  2711 | D:2      | Reached XP level 5. HP: 18/36 MP: 5/5
  2907 | D:3      | Found a hazy altar of Hepliaklqana.
  4171 | D:4      | Noticed Robin
  4198 | D:4      | Reached XP level 6. HP: 16/42 MP: 6/6
  4261 | D:4      | Killed Robin
  4366 | D:4      | Reached skill level 6 in Stealth
  4820 | D:4      | Noticed Blork the orc
  4831 | D:4      | Killed Blork the orc
  5215 | D:4      | Noticed Menkaure
  5929 | D:4      | Mangled by Menkaure

Illustrated notes

Levels and vault maps discovered:
D:1:      erik_arrival_triangle_medium, layout_loops_corners
D:2:      layout_rooms, yredelemnul_altar_generic,
          nicolae_overflow_hidden_temple, serial_bayou_pond_b
D:3:      layout_loops_ring, lemuel_crystal_altar
D:4:      layout_basic, uniq_robin, uniq_blork_the_orc, uniq_menkaure

Skill      XL: |  1  2  3  4  5  6 |
---------------+-------------------+-----
Short Blades   | 3 |  3.8
Fighting       | 3 |  3.7
Throwing       | 3 |  3.8
Dodging        | 2 |  2.5
Stealth        | 6 |  6.1

Action                   |  1- 3 |  4- 6 || total
-------------------------+-------+-------++-------
Melee: Dagger            |    50 |   173 ||   223
       Constrict         |    14 |    45 ||    59
       Tentacles         |     5 |    30 ||    35
Throw: Dart              |       |     5 ||     5
 Stab: Sleeping          |    12 |     6 ||    18
Armor: Skin              |     2 |    10 ||    12
Dodge: Dodged            |    18 |    91 ||   109
Block: Other             |     4 |    39 ||    43
       Reflection        |       |     5 ||     5
